 Dungeon Crawl Stone Soup version 0.28.0-1-gb440e238dd (webtiles) character file.

Game seed: 9944736145326944073

2774 cbfl8 the Basher (level 9, 0/78 HPs)
             Began as a Minotaur Delver on Feb 28, 2022.
             Was an Initiate of Yredelemnul.
             Succumbed to a killer bee's poison
             ... on level 9 of the Dungeon.
             The game lasted 00:13:44 (8361 turns).

cbfl8 the Basher (Minotaur Delver)                  Turns: 8361, Time: 00:13:45

Health: 0/78       AC: 11    Str: 20    XL:     9   Next: 42%
Magic:  8/8        EV: 10    Int:  7    God:    Yredelemnul [......]
Gold:   367        SH: 10    Dex: 20    Spells: 8/8 levels left

rFire   + . .      SeeInvis .   n - +7 mace of Destruction {vorpal, rF+ Dex+7}
rCold   . . .      Faith    .   x - +0 kite shield
rNeg    . . .      Spirit   .   r - +1 scale mail
rPois   .          Reflect  .   (helmet restricted)
rElec   .          Harm     .   o - scarf {repulsion}
rCorr   .          Rampage  .   u - +0 pair of gloves
Will    .....                   d - +0 pair of boots
Stlth   ++........              v - amulet of magic regeneration
HPRegen 0.23/turn               m - ring of wizardry
MPRegen 0.51/turn               (no ring)

@: mighty, lethally poisoned (0 -> -1), repel missiles
A: horns 2, retaliatory headbutt, claws 1, hooves 1
a: Renounce Religion, Recall Undead Harvest


You were on level 9 of the Dungeon.
You worshipped Yredelemnul.
Yredelemnul was noncommittal.
You visited 2 branches of the dungeon, and saw 10 of its levels.

You collected 367 gold pieces.

Inventory:

Hand Weapons
 a - a +0 hand axe
 n - the +7 mace of Destruction (weapon) {vorpal, rF+ Dex+7}
   (You found it on level 2 of the Dungeon)

   It inflicts extra damage upon your enemies.
   Dex:       It affects your dexterity (+7).
   rF:        It protects you from fire.
 A - a +0 flail of protection
 K - a +4 scimitar
Armour
 b - a +0 leather armour
 d - a +0 pair of boots (worn)
 j - a +0 ring mail
 o - a scarf of repulsion (worn)
 r - a +1 scale mail (worn)
 u - a +0 pair of gloves (worn)
 x - a +0 kite shield (worn)
 B - a +0 pair of boots
Jewellery
 m - a ring of wizardry (left hand)
 v - an amulet of magic regeneration (around neck)
 w - an amulet of guardian spirit
 C - a ring of wizardry
Wands
 g - a wand of digging (3)
 l - a wand of paralysis (14)
Scrolls
 c - a scroll of fog
 e - a scroll of fear
 f - a scroll of brand weapon
 i - 4 scrolls of enchant armour
 p - a scroll of vulnerability
 q - a scroll of immolation {unknown}
 y - 2 scrolls of teleportation
 D - a scroll of enchant weapon {unknown}
 F - 2 scrolls of identify
Potions
 h - 3 potions of lignification
 k - a potion of heal wounds {unknown}
 s - a potion of brilliance
 t - a potion of ambrosia {unknown}
 z - 3 potions of mutation
 E - a potion of experience {unknown}
 G - a potion of attraction {unknown}
 I - a potion of cancellation {unknown}
 J - a potion of berserk rage {unknown}


   Skills:
 + Level 6.5 Fighting
 + Level 3.1(6.3) Axes
 + Level 8.6(8.9) Maces & Flails
 + Level 7.7 Armour
 + Level 4.2 Dodging
 + Level 6.0 Stealth
 + Level 4.4 Shields


You had 8 spell levels left.
You didn't know any spells.
Your spell library contained the following spells:

 Spells                   Type           Power      Damage    Failure   Level
 Apportation              Tloc           0%         N/A       77%         1
 Beastly Appendage        Tmut           0%         N/A       77%         1
 Ensorcelled Hibernation  Hex/Ice        0%         N/A       88%         2
 Wereblood                Tmut           0%         N/A       88%         2
 Gell's Gravitas          Tloc           0%         N/A       98%         3
 Lesser Beckoning         Tloc           0%         N/A       98%         3
 Spider Form              Tmut/Pois      0%         N/A       98%         3
 Teleport Other           Tloc           0%         N/A       98%         3
 Anguish                  Hex/Necr       0%         N/A       100%        4
 Alistair's Intoxication  Tmut/Pois      0%         N/A       100%        5
 Freezing Cloud           Conj/Ice/Air   0%         6-21      100%        5
 Simulacrum               Ice/Necr       0%         N/A       100%        6
 Polar Vortex             Ice            0%         N/A       100%        9


Dungeon Overview and Level Annotations

Branches:
Dungeon (9/15)             Temple (1/1) D:4
   Lair: D:8-11         Orc: D:9-12

Altars:
Ashenzari
Cheibriados
Dithmenos
Elyvilon
Fedhas
Gozag
Hepliaklqana
Makhleb
Nemelex Xobeh
Okawaru
Qazlal
Ru
Sif Muna
Trog
Uskayaw
Vehumet
Wu Jian
Xom
Yredelemnul
Zin

Shops:
D:4 [   D:7 *

Annotations:
D:6 2 transporters
D:8 Maggie, Maurice


Innate Abilities, Weirdness & Mutations

You have a pair of horns on your head.
You reflexively headbutt those who attack you in melee.
You have sharp fingernails.
You have large cloven feet.


Message History

You swap places.
* * * LOW HITPOINT WARNING * * *
You feel very sick.
The killer bee stings your orc warrior zombie!
The killer bee stings your orc warrior zombie.
Your orc warrior zombie hits the killer bee.
The killer bee barely misses your orc warrior zombie.
You see here a +0 robe.
* * * LOW HITPOINT WARNING * * *
You feel sick.
The killer bee stings your orc warrior zombie.
The killer bee stings your orc warrior zombie!
The killer bee barely misses your orc warrior zombie.
Your orc warrior zombie barely misses the killer bee.
The killer bee stings your orc warrior zombie.
Okay, then.
As you read the scroll of teleportation, it crumbles to dust.
You feel strangely unstable.
* * * LOW HITPOINT WARNING * * *
You feel sick.
The killer bee stings your orc warrior zombie.
The killer bee completely misses your orc warrior zombie.
The killer bee stings your orc warrior zombie.
Your orc warrior zombie is destroyed!
A killer bee comes into view.
* * * LOW HITPOINT WARNING * * *
You feel sick.
* * * LOW HITPOINT WARNING * * *
You feel sick.
* * * LOW HITPOINT WARNING * * *
You feel sick. You block the killer bee's attack.
Your surroundings suddenly seem different.
An orc comes into view. It is wielding a +0 trident.
* * * LOW HITPOINT WARNING * * *
You feel sick.
There is a lethal amount of poison in your body!
It was a potion of might.
You feel very mighty all of a sudden.
You die...
Your body rises from the dead as a mindless zombie.

#### ...
#.####.#
.)......
#.###o##
.# .#
#.# ###
..# #@#
### #..#
##..
.#.# #
#. .. ..
o#


You could see an orc (wandering).

Vanquished Creatures
  A troll (D:9)
  A steam dragon (D:6)
  Menkaure (D:4)
  A water moccasin (D:6)
  2 orc warriors
  2 necrophages (D:6)
  An ice beast (D:7)
  5 ogres
  2 centaurs
  A phantom (D:5)
  A kobold brigand (D:7)
  3 bullfrogs
  2 scorpions
  A wight (D:9)
  2 howler monkeys
  A hound (D:5)
  An orc priest (D:4)
  2 jellies
  2 centaur skeletons
  An iguana (D:6)
  2 orc wizards
  A hound zombie (D:5)
  A howler monkey zombie (D:7)
  5 adders
  A shadow imp (D:7)
  An ufetubus (D:5)
  An adder skeleton (D:4)
  A worm (D:2)
  2 dart slugs
  8 orcs
  8 endoplasms
  A giant cockroach (D:4)
  10 goblins
  7 hobgoblins
  7 jackals
  A quokka (D:5)
  6 ball pythons
  A bat (D:1)
  3 frilled lizards
  12 kobolds
  2 rats
114 creatures vanquished.

Vanquished Creatures (collateral kills)
  A black bear (D:5)
  An ogre (D:5)
  A howler monkey (D:4)
3 creatures vanquished.

Vanquished Creatures (others)
  A scorpion zombie (D:5)
  An ogre zombie (D:4)
  A hound zombie (D:5)
  A spectral jelly (D:5)
  An orc zombie (D:9)
  An adder zombie (D:4)
  A spectral shadow imp (D:7)
  2 kobold zombies (D:7)
  11 plants (D:2)
20 creatures vanquished.

Grand Total: 137 creatures vanquished

Notes
Turn   | Place    | Note
-------+----------+-------------------------------------------
     0 | D:5      | cbfl8 the Minotaur Delver began the quest for the Orb.
     0 | D:5      | Reached XP level 1. HP: 19/19 MP: 0/0
    40 | D:5      | Reached XP level 2. HP: 9/27 MP: 1/1
   293 | D:4      | Found a staircase to the Ecumenical Temple.
   308 | D:4      | Reached XP level 3. HP: 4/33 MP: 2/2
   595 | Temple   | Entered the Ecumenical Temple
   858 | D:4      | Noticed an ogre
   882 | D:4      | Noticed an ogre
  1258 | D:2      | Reached skill level 1 in Armour
  1622 | D:2      | Identified the +7 mace of Destruction {vorpal, rF+ Dex+7}
  1740 | D:1      | Reached XP level 4. HP: 40/40 MP: 3/3
  2637 | D:2      | Found a faded altar of an unknown god.
  2701 | D:2      | Reached skill level 1 in Maces & Flails
  3337 | D:3      | Found a basalt altar of Yredelemnul.
  3342 | D:3      | Became a worshipper of Yredelemnul the Dark
  3535 | D:4      | Noticed Menkaure
  3539 | D:4      | Reached skill level 5 in Stealth
  3539 | D:4      | Reached XP level 5. HP: 24/46 MP: 4/4
  3852 | D:4      | Found Enoidif's Antique Armour Shop.
  3907 | D:4      | Killed an ogre
  3908 | D:4      | Reached skill level 2 in Maces & Flails
  3908 | D:4      | Reached XP level 6. HP: 18/53 MP: 5/5
  4132 | D:4      | HP: 1/53 [Menkaure/nerve-wracking pain (12)]
  4133 | D:4      | Killed Menkaure
  4134 | D:4      | Reached skill level 3 in Maces & Flails
  4724 | D:4      | Reached * piety under Yredelemnul
  4727 | D:4      | Reached skill level 4 in Maces & Flails
  4742 | D:4      | Reached XP level 7. HP: 45/60 MP: 6/6
  5177 | D:5      | Reached skill level 1 in Shields
  5303 | D:5      | Reached skill level 5 in Maces & Flails
  5641 | D:5      | Reached ** piety under Yredelemnul
  5642 | D:5      | Reached skill level 5 in Fighting
  5642 | D:5      | Reached skill level 5 in Armour
  5909 | D:5      | Found a bloodstained altar of Trog.
  6144 | D:5      | Reached skill level 6 in Maces & Flails
  6144 | D:5      | Reached XP level 8. HP: 65/68 MP: 7/7
  6253 | D:6      | Found a shimmering altar of Xom.
  6730 | D:6      | Found a transporter.
  6730 | D:6      | Found a transporter.
  6732 | D:6      | Noticed a hornet
  6732 | D:6      | Noticed a cyclops
  6737 | D:6      | Found a snail-covered altar of Cheibriados.
  6768 | D:6      | Reached skill level 7 in Maces & Flails
  7598 | D:7      | Reached XP level 9. HP: 72/75 MP: 8/8
  7711 | D:7      | Found Haepral's Elemental Accessories.
  7876 | D:7      | Reached skill level 8 in Maces & Flails
  8151 | D:8      | Noticed Maurice
  8156 | D:8      | Noticed Maggie
  8178 | D:9      | Noticed a troll
  8196 | D:9      | Killed a troll
  8350 | D:9      | Gained mutation: You have large cloven feet. [potion of
                  | mutation]
  8350 | D:9      | Gained mutation: You have sharp fingernails. [potion of
                  | mutation]
  8357 | D:9      | HP: 3/78 [poisoned by a killer bee]
  8360 | D:9      | HP: 1/78 [poisoned by a killer bee]
  8361 | D:9      | Succumbed to a killer bee's poison

Illustrated notes

Levels and vault maps discovered:
D:1:      tarquinn_simple_flora_water_e, layout_basic
D:2:      layout_loops_corners, dilly_ecumenical_altar_fadedgnrine
D:3:      layout_loops_ring, marbit_many_paths
D:4:      layout_rooms, minmay_temple_entry_junction, serial_shops,
          nicolae_shop_waterfront, uniq_menkaure
D:5:      black_bear_nest_1, layout_loops_corners,
          mainiacjoe_overflow_six_doors_small, grunt_ministairs_11, uniq_pikel
D:6:      layout_loops_cross, mainiacjoe_overflow_paths,
          gammafunk_temple_overflow_arena, chequers_serial_rivers_room_a,
          dk_noncrumbling_2
D:7:      layout_rooms, nicolae_elemental_shop
D:8:      minmay_general_purpose_star, layout_basic, serial_shops,
          nicolae_diamond_shop, uniq_maggie, uniq_maurice
D:9:      layout_loops_ring, erik_orc_3, minmay_misc_feat_hallway
Temple:   eino_temple_scatter_basement

Skill      XL: |  1  2  3  4  5  6  7  8  9 |
---------------+----------------------------+-----
Fighting       | 4 5 6 |  6.5
Armour         | 1 2 3 4 5 7 |  7.7
Axes           | 3 |  3.1
Maces & Flails | 1 2 4 6 7 8 |  8.6
Stealth        | 5 6 |  6.0
Dodging        | 3 4 |  4.2
Shields        | 1 3 4 |  4.4

Action                   |  1- 3 |  4- 6 |  7- 9 || total
-------------------------+-------+-------+-------++-------
Melee: Hand axe          |    61 |       |       ||    61
       Headbutt          |    11 |     4 |    28 ||    43
       Mace              |     5 |    66 |   120 ||   191
  Use: Scroll            |     1 |       |     5 ||     6
       Potion            |     1 |     4 |     2 ||     7
 Stab: Sleeping          |     5 |     4 |     2 ||    11
       Distracted        |       |     1 |     2 ||     3
Armor: Leather armour    |    20 |       |       ||    20
       Ring mail         |     6 |       |       ||     6
       Scale mail        |       |    32 |    43 ||    75
       Skin              |       |     1 |       ||     1
Dodge: Dodged            |    41 |    32 |    45 ||   118
       Repelled          |       |       |     1 ||     1
Block: Kite shield       |       |    17 |    70 ||    87
